 Dungeon Crawl Stone Soup version 0.22-a0-834-g05cf915 (webtiles) character file.

62 Spazmo the Conjurer (level 3, -3/19 HPs)
             Began as a Deep Elf Conjurer on July 24, 2018.
             Slain by a gnoll
             ... wielding a +0 spear
              (11 damage)
             ... on level 2 of the Dungeon on July 25, 2018.
             The game lasted 00:06:31 (1004 turns).

Spazmo the Conjurer (Deep Elf Conjurer)             Turns: 1004, Time: 00:06:32

Health: -3/19      AC:  3    Str:  5    XL:     3   Next: 85%
Magic:  1/10       EV: 13    Int: 20    God:
Gold:   87         SH:  0    Dex: 15    Spells: 9/10 levels left

rFire    . . .     SeeInvis .   (no weapon)
rCold    . . .     Gourm    .   (no shield)
rNeg     . . .     Faith    .   a - +0 robe
rPois    +         Spirit   .   (no helmet)
rElec    .         Reflect  .   j - +0 cloak
rCorr    .         Harm     .   (no gloves)
MR       .....                  (no boots)
Stlth    +.........             (no amulet)
HPRegen  0.06/turn              m - ring of poison resistance
MPRegen  0.12/turn              l - ring of attention (curse)

@: no status effects
A: no striking features
a: no special abilities


You were on level 2 of the Dungeon.
You were not hungry.

You visited 1 branch of the dungeon, and saw 2 of its levels.

You collected 87 gold pieces.

Inventory:

Hand Weapons
 i - a +0 dagger
Missiles
 d - 28 stones (quivered)
Armour
 a - a +0 robe (worn)
 j - a +0 cloak (worn)
Jewellery
 b - an uncursed ring of ice
 l - a cursed ring of attention (right hand)
 m - a ring of poison resistance (left hand)
Scrolls
 e - a scroll of teleportation {unknown}
Potions
 f - a potion of haste
 g - a potion of agility {unknown}
 h - a potion of curing {unknown}
 k - a potion of invisibility
Comestibles
 c - 3 rations
 n - 2 chunks of flesh


   Skills:
 + Level 0.2 Fighting
 - Level 3.0 Dodging
 - Level 3.1 Stealth
 + Level 4.1 Spellcasting
 + Level 5.0 Conjurations


You had 9 spell levels left.
You knew the following spells:

 Your Spells              Type           Power        Failure   Level  Hunger
a - Magic Dart            Conj           ###.         1%          1    None

Your spell library contained the following spells:

 Spells                   Type           Power        Failure   Level  Hunger
 Iskenderun's Mystic Bla  Conj           ###.....     16%         4    ####...
 Fulminant Prism          Conj/Hex       ##........   41%         4    ####...
 Dazzling Spray           Conj/Hex       ##....       14%         3    ###....
 Force Lance              Conj/Tloc      ##......     41%         4    ####...
 Searing Ray              Conj           ###...       2%          2    #......


Dungeon Overview and Level Annotations

Branches:
Dungeon (2/15)

Altars:


Message History

The gnoll is almost dead.
The gnoll hits you from afar with a spear!
Casting: Magic Dart (safe; 1% risk of failure)
Confirm with . or Enter, or press ? or * to list all spells.
Aiming: Magic Dart (safe; 1% risk of failure)
Press: ? - help, Shift-Dir - straight line, f/p - gnoll
Aim: a gnoll, wielding a spear (severely wounded)
The magic dart hits the gnoll.
You kill the gnoll!
Your Conjurations skill increases to level 5!
Casting: Magic Dart (safe; 1% risk of failure)
Confirm with . or Enter, or press ? or * to list all spells.
Aiming: Magic Dart (safe; 1% risk of failure)
Press: ? - help, Shift-Dir - straight line, f/p - gnoll
Aim: a gnoll, wielding a spear (severely wounded)
The magic dart hits the gnoll.
The gnoll is lightly wounded.
The gnoll hits you from afar with a spear!
Ouch! That really hurt!
You die...

###### .....#
####.##########
...........)..#
####.##..##.#.####
#.#....#.#....#
#.###.>#.####@#
#.# ##.#.. #.# #.#
.### #g# #.# .#
#.g)g# #. .#
#.##.# ### #


You could see 2 gnolls.

Vanquished Creatures
  A gnoll (D:2)
  An adder (D:2)
  An ooze (D:1)
  A worm (D:2)
  2 dart slugs
  A leopard gecko (D:1)
  A bat (D:2)
  3 hobgoblins
  7 jackals (D:1)
  4 kobolds
  5 goblins (D:1)
  2 rats (D:1)
29 creatures vanquished.

Notes
Turn   | Place    | Note
-------+----------+-------------------------------------------
     0 | D:1      | Spazmo the Deep Elf Conjurer began the quest for the Orb.
     0 | D:1      | Reached XP level 1. HP: 10/10 MP: 6/6
    79 | D:1      | Reached XP level 2. HP: 15/15 MP: 0/8
   551 | D:1      | Reached XP level 3. HP: 19/19 MP: 3/10
   812 | D:2      | Upgraded the game from 0.22-a0-831-g6c6de77 to 0.22-a0-834-g05cf915
  1001 | D:2      | Reached skill level 5 in Conjurations
  1004 | D:2      | Slain by a gnoll

Vault maps used:
D:1:      scummos_arrival_forest
D:2:      first_ration, tgw_xom

Skill      XL: |  1  2  3 |
---------------+----------+-----
Stealth        | 3 |  3.1
Dodging        | 3 |  3.0
Spellcasting   | 4 |  4.1
Conjurations   | 5 |  5.0
Fighting       | |  0.2

Action                   || total
-------------------------++-------
 Cast: Magic Dart        ||    75
  Use: Scroll            ||     1
       Potion            ||     1
Dodge: Dodged            ||     9

Table legend:
 A = Spawn XP
 B = Non-spawn XP
 C = Spawn XP percentage of total XP
 D = Spawn monster count
 E = Non-spawn monster count
 F = Spawn count percentage of total count
 G = Total turns spent on level
                    A         B        C        D         E        F      G
               +---------+---------+-------+---------+---------+-------+---------
         Total |       0 |      89 |   0.0 |       0 |      29 |   0.0 |  1004
               +---------+---------+-------+---------+---------+-------+---------
           D:1 |       0 |      45 |   0.0 |       0 |      21 |   0.0 |   811
           D:2 |       0 |      44 |   0.0 |       0 |       8 |   0.0 |   193
               +---------+---------+-------+---------+---------+-------+---------
